 Dungeon Crawl Stone Soup version 0.17.1-2-g5865329 (webtiles) character file.

3391 kaze the Cudgeler (level 9, -1/133 HPs)
             Began as a Troll Berserker on Jan 26, 2016.
             Was a Priest of Trog.
             Slain by a killer bee (4 damage)
             ... on level 8 of the Dungeon.
             The game lasted 00:38:02 (6252 turns).

kaze the Cudgeler (Troll Berserker)                 Turns: 6252, Time: 00:38:02

Health: -1/133     AC: 12    Str: 35    XL:     9   Next: 74%
Magic:  8/8        EV:  5    Int:  3    God:    Trog [***...]
Gold:   399        SH:  0    Dex:  9    Spells: 0 memorised, 8 levels left

rFire  + . .     SeeInvis +     l - +4 mace
rCold  + + .     Clarity  .     o - gold dragon hide
rNeg   . . .     SustAt   .     (no shield)
rPois  +         Gourm    +     (helmet restricted)
rElec  .         Spirit   .     j - +1 cloak
rCorr  .         Warding  .     (gloves unavailable)
rMut   .         Stasis   .     (boots unavailable)
MR     ++...                    (no amulet)
Stlth  ..........               n - ring of see invisible
                                f - ring of protection from cold

@: berserking, lethally poisoned (-1 -> -2), regenerating, very quick, very
resistant to hostile enchantments, extremely unstealthy
A: unfitting armour, claws 3, fast metabolism 3, gourmand, regeneration 2,
shaggy fur 1, tough skin 2
a: Berserk, Trog's Hand, Burn Spellbooks, Renounce Religion


You were on level 8 of the Dungeon.
You worshipped Trog.
Trog was most pleased with you.
You were not hungry.

You visited 1 branch of the dungeon, and saw 8 of its levels.

You collected 399 gold pieces.

Inventory:

Hand Weapons
 l - a +4 mace (weapon)
Armour
 j - a +1 cloak (worn)
 o - a gold dragon hide (worn)
Jewellery
 f - a ring of protection from cold (left claw)
 n - a ring of see invisible (right claw)
Wands
 s - a wand of polymorph (12)
 t - a wand of magic darts (26)
Scrolls
 e - 7 scrolls of remove curse
 p - 2 scrolls of identify
 q - a scroll of fear {unknown}
Potions
 a - a potion of cancellation {unknown}
 d - a potion of brilliance
 h - a potion of cure mutation
 i - 4 potions of curing
 k - a potion of lignification {unknown}
 u - a potion of poison {unknown}
 w - a potion of heal wounds {unknown}
Books
 c - a book of Cantrips

   Spells                             Type                      Level
   a - Corona                         Hexes                        1
   b - Animate Skeleton               Necromancy                   1
   c - Summon Small Mammal            Summoning                    1
   d - Apportation                    Translocation                1
   Trog disapproves of the use of such an item.
 g - a book of the Dragon

   Spells                             Type                      Level
   a - Flame Tongue                   Conjuration/Fire             1
   b - Cause Fear                     Hexes                        4
   c - Bolt of Fire                   Conjuration/Fire             6
   d - Dragon Form                    Transmutation                7
   e - Dragon's Call                  Summoning                    9
   Trog disapproves of the use of such an item.
 m - a book of Summonings

   Spells                             Type                      Level
   a - Recall                         Summoning/Translocation      3
   b - Aura of Abjuration             Summoning                    5
   c - Shadow Creatures               Summoning                    5
   d - Summon Demon                   Summoning                    5
   e - Summon Forest                  Summoning/Translocation      5
   f - Summon Mana Viper              Hexes/Summoning              5
   Trog disapproves of the use of such an item.
Comestibles
 b - 2 fruits
 r - 3 meat rations
 v - 8 chunks of flesh


   Skills:
 + Level 6.1 Fighting
 * Level 7.1 Maces & Flails
 + Level 5.8 Armour
 + Level 4.5 Dodging
 - Level 0.4 Stealth
 + Level 4.7 Unarmed Combat


You had 8 spell levels left.
You didn't know any spells.

Dungeon Overview and Level Annotations

Branches:
Dungeon (8/15)
 Temple: D:4-7         Lair: D:8-11

Altars:
Ashenzari
Elyvilon
Fedhas
Gozag
Nemelex Xobeh
Okawaru
Qazlal
Ru
Sif Muna
Vehumet
Xom
Zin

Shops:
D:8 [


Innate Abilities, Weirdness & Mutations

You are too large for most types of armour.
You have claws for hands.
Your metabolism is lightning-fast.
You like to eat raw meat.
You heal very quickly.
You are covered in fur (AC +1).
You have very tough skin (AC +2).


Message History

The killer bee barely misses you. 2 killer bees come into view.
A red film seems to cover your vision as you go berserk!
You feel yourself moving faster!
You feel mighty!
You feel quite a bit more hungry.
You feel sick.
The killer bee buzzes angrily. x2
The killer bee stings you but does no damage.
The killer bee barely misses you.
The killer bee moves out of view.
The killer bee stings you!
* * * LOW HITPOINT WARNING * * *
You are more poisoned.
The killer bee poisons you!
The killer bee stings you but does no damage. x2
The killer bee stings you.
* * * LOW HITPOINT WARNING * * *
You closely miss the killer bee.
You feel sick. The killer bee barely misses you. The killer bee stings you.
* * * LOW HITPOINT WARNING * * *
The killer bee stings you.
You die...

.#.. #... ##..
#..y##### ###.......#
##.......yy#
........yyy###########.
#...yy@..<.).....#
#...yy####.##.##.#
####### #.##.# #....#
#.#### #########.#####
#......#......#
#......#..###.#
######......#......##


You could see 10 killer bees.

Vanquished Creatures
  The ghost of kaze the Shield-Bearer, an amateur MiFi (D:3)
  Sigmund (D:6)
  Eustachio (D:4)
  2 hippogriffs (D:7)
  Menkaure (D:6)
  2 water moccasins
  An orc warrior (D:6)
  2 ice beasts
  6 ogres
  A big kobold (D:7)
  A crocodile (D:7)
  A centaur (D:8)
  A giant frog (D:6)
  A wyvern skeleton (D:6)
  5 killer bees
  The ghost of ololoev the Skirmisher, a weakling DsFi (D:4)
  A crimson imp (D:5)
  A giant frog zombie (D:7)
  A centaur zombie (D:7)
  A giant frog skeleton (D:5)
  4 hounds
  4 orc priests
  6 orc wizards
  An iguana (D:7)
  5 worker ants
  A hound zombie (D:8)
  4 gnolls (D:4)
  4 adders
  3 shadow imps
  2 oozes
  An adder zombie (D:7)
  3 worms
  2 giant geckos
  25 orcs
  2 ball pythons
  2 giant cockroaches
  6 goblins
  6 hobgoblins (D:2)
  3 jackals (D:7)
  6 bats
  2 giant gecko skeletons
  4 giant newts
  12 kobolds
  6 quokkas
  4 rats
  2 fungi (D:7)
152 creatures vanquished.

Vanquished Creatures (others)
  A fungus (D:7)
1 creature vanquished.

Grand Total: 153 creatures vanquished

Notes
Turn   | Place    | Note
--------------------------------------------------------------
     0 | D:1      | kaze the Troll Berserker began the quest for the Orb.
     0 | D:1      | Reached XP level 1. HP: 22/22 MP: 0/0
   673 | D:2      | Reached XP level 2. HP: 29/29 MP: 1/1
   749 | D:2      | Found a faded altar to an unknown god.
  1055 | D:2      | Reached ** piety under Trog
  1194 | D:2      | Reached XP level 3. HP: 26/36 MP: 2/2
  1542 | D:3      | Noticed kaze's ghost (amateur MiFi)
  1557 | D:3      | Killed kaze's ghost
  1557 | D:3      | Reached skill level 4 in Dodging
  1557 | D:3      | Reached XP level 4. HP: 30/45 MP: 3/3
  1557 | D:3      | Reached XP level 5. HP: 35/53 MP: 4/4
  2183 | D:3      | Reached XP level 6. HP: 59/61 MP: 5/5
  2352 | D:3      | Found a sacrificial altar of Ru.
  2601 | D:4      | Found a sparkling altar of Nemelex Xobeh.
  2649 | D:4      | Found a shattered altar of Ashenzari.
  2810 | D:4      | Noticed Eustachio
  2977 | D:4      | Killed Eustachio
  2977 | D:4      | Reached skill level 1 in Maces & Flails
  2977 | D:4      | Reached skill level 1 in Armour
  2977 | D:4      | Reached XP level 7. HP: 31/67 MP: 6/6
  3029 | D:4      | Noticed ololoev's ghost (weakling DsFi)
  3045 | D:4      | Killed ololoev's ghost
  3150 | D:4      | Found a white marble altar of Elyvilon.
  3398 | D:5      | Entered Level 5 of the Dungeon
  3750 | D:5      | Reached XP level 8. HP: 45/78 MP: 7/7
  3763 | D:5      | Reached *** piety under Trog
  4166 | D:6      | Found a radiant altar of Vehumet.
  4185 | D:6      | Found an opulent altar of Gozag.
  4185 | D:6      | Found a glowing silver altar of Zin.
  4426 | D:6      | Reached skill level 5 in Maces & Flails
  4475 | D:6      | Noticed Menkaure
  4478 | D:6      | Found a stormy altar of Qazlal.
  4489 | D:6      | Killed Menkaure
  4489 | D:6      | Reached skill level 5 in Fighting
  4538 | D:6      | Noticed Sigmund
  4555 | D:6      | Killed Sigmund
  4555 | D:6      | Reached XP level 9. HP: 63/88 MP: 8/8
  4756 | D:7      | Reached skill level 6 in Maces & Flails
  4801 | D:7      | Found a blossoming altar of Fedhas.
  5048 | D:7      | Found a stormy altar of Qazlal.
  5244 | D:7      | Found a deep blue altar of Sif Muna.
  5522 | D:7      | Reached skill level 5 in Armour
  5960 | D:8      | Found Pycem's Antique Armour Shoppe.
  5982 | D:8      | Found a shimmering altar of Xom.
  6125 | D:8      | Reached skill level 7 in Maces & Flails
  6155 | D:8      | Found an iron altar of Okawaru.
  6251 | D:8      | HP: 6/133 [killer bee (3)]
  6252 | D:8      | Slain by a killer bee

Action                   |  1- 3 |  4- 6 |  7- 9 || total
-------------------------+-------+-------+-------++-------
Melee: Unarmed           |   100 |    32 |       ||   132
       Mace              |       |   159 |   412 ||   571
Invok: Berserk           |     1 |     3 |    12 ||    16
       Trog's Hand       |       |     6 |     8 ||    14
  Use: Scroll            |       |     7 |     5 ||    12
  Eat: Chunk             |     8 |     5 |    43 ||    56
       Bread ration      |     1 |     2 |       ||     3
       Meat ration       |       |     1 |       ||     1
       Royal jelly       |       |       |     1 ||     1
       Fruit             |       |       |     1 ||     1
